 Dungeon Crawl Stone Soup version 0.13.0-29-gdb529de (webtiles) character file.

709 M4edhros the Skirmisher (level 7, -1/49 HPs)
             Began as an Octopode Artificer on Nov 14, 2013.
             Slain by an ogre
             ... wielding a +0,+0 giant club
              (23 damage)
             ... on Level 5 of the Dungeon.
             The game lasted 00:05:48 (3977 turns).

M4edhros the Skirmisher (Octopode Artificer)        Turns: 3977, Time: 00:05:48

HP  -1/49        AC  1     Str 11      XL: 7   Next: 36%
MP  10/10        EV 12     Int 16      God:
Gold 128         SH  0     Dex 12      Spells:  0 memorised,  6 levels left

Res.Fire  : . . .   See Invis. : .   j - +2 elf dagger (drain)
Res.Cold  : . . .   Warding    : .   (no shield)
Life Prot.: . . .   Conserve   : .   (helmet restricted)
Res.Poison: .       Res.Corr.  : .   (no amulet)
Res.Elec. : .       Clarity    : .   (no ring)
Sust.Abil.: . .     Spirit.Shd : .   (no ring)
Res.Mut.  : .       Stasis     : .   (no ring)
Res.Rott. : .       Flight     : .   (no ring)
Saprovore : . . .                    (no ring)
                                     (no ring)
                                     (no ring)
                                     (no ring)

@: slightly resistant to hostile enchantments, stealthy
A: almost no armour, amphibious, 8 rings, constrict 8, camouflage 1, AC +1
a: no special abilities


You were on level 5 of the Dungeon.
You were not hungry.

You visited 1 branch of the dungeon, and saw 5 of its levels.

You collected 108 gold pieces.

Inventory:

Hand weapons
 j - a +2,+2 elven dagger of draining (weapon)
Magical devices
 b - a wand of flame (4)
 c - a wand of enslavement (7)
 d - a wand of random effects (8)
 m - a wand of magic darts (12)
Comestibles
 f - 4 bread rations
 g - 2 pears
 h - a honeycomb
 l - a cheese
 n - a rotting chunk of worker ant flesh
 r - 2 chokos
Scrolls
 a - 2 scrolls of teleportation {unknown}
 e - 3 scrolls of identify {unknown}
 i - a scroll of random uselessness {unknown}
 k - a scroll of blinking {unknown}
 o - 2 scrolls of fear
 p - 2 scrolls of remove curse
 q - a scroll of recharging
 u - a scroll of amnesia
 w - a scroll of magic mapping {unknown}
Potions
 t - a potion of brilliance
Books
 s - a book of the Tempests

   Spells                             Type                      Level
   Static Discharge                   Conjuration/Air              3
   Lightning Bolt                     Conjuration/Air              5
   Fireball                           Conjuration/Fire             5
   Tornado                            Air                          9
   Shatter                            Earth                        9


   Skills:
 + Level 7.7 Fighting
 - Level 1.0 Short Blades
 - Level 2.0 Dodging
 - Level 1.3 Stealth
 - Level 3.2 Evocations


You had 6 spell levels left.
You didn't know any spells.

Dungeon Overview and Level Annotations

Branches:
Dungeon (5/27)
 Temple: D:4-7

Altars:


Innate Abilities, Weirdness & Mutations

You cannot wear most types of armour.
You are amphibious.
You can wear up to eight rings at the same time.
You can use your tentacles to constrict many enemies at once.
Your skin changes colour to match your surroundings (Stlth).
Your rubbery body absorbs attacks (AC +1).


Message History

t - a potion of brilliance No target in view!
An ogre comes into view. It is wielding a giant club.
An ogre is nearby!
An ogre is nearby!
The ogre shouts!
An ogre is nearby!
The ogre closely misses you.
You hit the ogre. You drain the ogre! You squeeze the ogre.
The ogre is moderately wounded.
The ogre hits you with a giant club.
You hit the ogre but do no damage.
The ogre is moderately wounded.
You hit the ogre. You drain the ogre! You squeeze the ogre.
The ogre is heavily wounded.
The ogre closely misses you.
You hit the ogre. You drain the ogre!
The ogre is severely wounded.
The ogre hits you with a giant club!
You die...

#.....# #.....# .
###.....# ... ........#
...# ........#####
####... .............
...... ........#####
#...# ####....# #O$#
#....# #@.#
###....########..#
#................##
##.#####...........####
...#...#..............#
...'.8.+..%.).........#
.#.#...#..#############
.#.#####.## .........#


You could see an ogre.

Vanquished Creatures
  A crimson imp (D:5)
  A centaur zombie (D:5)
  A centaur skeleton (D:5)
  7 orc wizards
  A black bear skeleton (D:4)
  An orc priest (D:4)
  Jessica (D:3)
  A sky beast zombie (D:5)
  A scorpion (D:4)
  A hound (D:4)
  4 adders
  6 worker ants
  An iguana zombie (D:5)
  A scorpion zombie (D:3)
  A giant gecko (D:2)
  3 oozes
  11 orcs
  6 giant cockroaches
  6 hobgoblins
  A jackal (D:3)
  3 ball pythons
  2 bats
  5 goblins
  A goblin skeleton (D:5)
  3 kobolds
  A quokka (D:3)
  6 rats
77 creatures vanquished.

Vanquished Creatures (collateral kills)
  2 orc priests
  A giant gecko (D:5)
  4 orcs
7 creatures vanquished.

Grand Total: 84 creatures vanquished

Notes
Turn   | Place    | Note
--------------------------------------------------------------
     0 | D:1      | M4edhros, the Octopode Artificer, began the quest for the Orb.
     0 | D:1      | Reached XP level 1. HP: 14/14 MP: 1/1
   252 | D:2      | Reached XP level 2. HP: 9/19 MP: 3/3
   480 | D:2      | Reached XP level 3. HP: 23/25 MP: 4/4
   751 | D:3      | Reached XP level 4. HP: 13/30 MP: 6/6
   778 | D:3      | Reached skill level 4 in Fighting
  1112 | D:4      | Reached XP level 5. HP: 26/36 MP: 7/7
  1115 | D:4      | Reached skill level 5 in Fighting
  1199 | D:3      | Noticed Jessica
  1208 | D:3      | Killed Jessica
  1722 | D:4      | Reached XP level 6. HP: 21/43 MP: 9/9
  1883 | D:4      | Reached skill level 6 in Fighting
  2861 | D:5      | Entered Level 5 of the Dungeon
  3345 | D:5      | Reached skill level 7 in Fighting
  3345 | D:5      | Reached XP level 7. HP: 5/49 MP: 10/10
  3977 | D:5      | Slain by an ogre

Action                   |  1- 3 |  4- 6 |  7- 9 || total
-------------------------+-------+-------+-------++-------
Melee: Short sword       |    15 |    28 |       ||    43
       Spear             |    10 |       |       ||    10
       Dagger            |       |   112 |    38 ||   150
Evoke: Wand              |     7 |    14 |     5 ||    26
  Use: Scroll            |     4 |       |       ||     4
       Potion            |     4 |     6 |       ||    10
 Stab: Sleeping          |     1 |     6 |       ||     7
